 Dungeon Crawl Stone Soup version 0.27.1-3-gb3d3a73c9e (webtiles) character file.

Game seed: 14251170799695225005

4069 styxcanada the Covert (level 10, -14/49 HPs)
             Began as a Spriggan Brigand on Oct 31, 2021.
             Was an Initiate of Gozag.
             Shot with a bolt by an orc warrior (21 damage)
             ... in a bailey.
             The game lasted 00:51:04 (10243 turns).

styxcanada the Covert (Spriggan Brigand)           Turns: 10243, Time: 00:51:04

Health: -14/49     AC:  3    Str: 11    XL:     10   Next: 5%
Magic:  19/19      EV: 24    Int: 13    God:    Gozag
Gold:   491        SH:  5    Dex: 26    Spells: 12/19 levels left

rFire    . . .     SeeInvis +   v - +8 hunting sling of the Other Side {flame, Fly rPois}
rCold    . . .     Faith    .   (shield restricted)
rNeg     . . .     Spirit   .   b - +0 robe
rPois    +         Reflect  +   (helmet restricted)
rElec    .         Harm     .   n - +0 cloak of Tikhleet {-Cast rPois rCorr Str+4}
rCorr    +         Rampage  .   (gloves unavailable)
Will     ++...     NoCast   +   (boots unavailable)
Stlth    +++++.....             C - amulet of reflection
HPRegen  0.16/turn              f - ring of Cuull {Wiz Will+ Dex+6}
MPRegen  0.16/turn              (no ring)

@: gold aura, flying, very quick
A: very small, no large weapons, unfitting armour, see invisible, speed 3
a: Renounce Religion, Potion Petition, Call Merchant, Bribe Branch


You were in a bailey.
You worshipped Gozag.
Gozag was aware of your devotion.
You visited 2 branches of the dungeon, and saw 9 of its levels.
You also visited: Bailey.

You collected 603 gold pieces.
You paid 112 gold pieces to Gozag.

Inventory:

Hand Weapons
 a - a +2 spectral dagger
 u - a +4 quarterstaff of chaos
 v - the +8 hunting sling of the Other Side (weapon) {flame, Fly rPois}
   (You acquired it on level 4 of the Dungeon)

   Any ammunition fired from it burns those it strikes, dealing additional fire
   damage.
   rPois:     It protects you from poison.
   Fly:       It grants you flight.
Missiles
 e - a curare-tipped dart
 i - 8 datura-tipped darts
 j - 211 stones (quivered ammo)
 q - 22 sling bullets
 x - 27 poisoned darts
 y - 3 throwing nets
 z - 7 boomerangs
Armour
 b - a +0 robe (worn)
 c - a +1 cloak
 n - the +0 cloak of Tikhleet (worn) {-Cast rPois rCorr Str+4}
   (You found it on level 4 of the Dungeon)

   Str:       It affects your strength (+4).
   rPois:     It protects you from poison.
   -Cast:     It prevents spellcasting.
   rCorr:     It protects you from acid and corrosion.
 o - a scarf of repulsion
 F - +0 steam dragon scales
Magical Staves
 r - a staff of cold
Jewellery
 d - a ring of wizardry
 f - the ring of Cuull (left hand) {Wiz Will+ Dex+6}
   (You acquired it on level 4 of the Dungeon)

   [ring of wizardry]

   It improves your spell success rate.
   Dex:       It affects your dexterity (+6).
   Will:      It increases your willpower.
 h - an amulet of the acrobat
 A - an amulet of guardian spirit
 C - an amulet of reflection (around neck)
Scrolls
 m - 4 scrolls of enchant armour
 w - a scroll of amnesia
 B - 4 scrolls of teleportation
 G - a scroll of blinking
 H - a scroll of identify
Potions
 g - a potion of magic
 k - 2 potions of heal wounds
 l - 3 potions of curing
 p - a potion of lignification
 s - a potion of mutation {unknown}
 t - 2 potions of degeneration {unknown}
 D - a potion of might {unknown}
 E - a potion of brilliance {unknown}


   Skills:
 + Level 3.6 Fighting
 + Level 4.1 Short Blades
 + Level 6.0(6.8) Slings
 + Level 4.1(5.2) Throwing
 * Level 7.0 Dodging
 * Level 11.0 Stealth
 * Level 5.3 Spellcasting
 * Level 2.7 Conjurations
 * Level 2.3 Hexes
 * Level 3.0 Fire Magic
 * Level 2.9 Ice Magic
 * Level 2.8 Evocations


You had 12 spell levels left.
You knew the following spells:

 Your Spells              Type           Power      Damage    Failure   Level
a - Foxfire               Conj/Fire      40%        2x1d6     2%          1
b - Invisibility          Hex            4%         N/A       98%         6

Your spell library contained the following spells:

 Spells                   Type           Power      Damage    Failure   Level
 Ozocubu's Armour         Ice            11%        N/A       6%          3
 Conjure Flame            Conj/Fire      10%        6-21      7%          3
 Inner Flame              Hex/Fire       10%        N/A       8%          3
 Passwall                 Tmut/Erth      2%         N/A       11%         2
 Gell's Gravitas          Tloc           1%         N/A       21%         3
 Lesser Beckoning         Tloc           1%         N/A       21%         3
 Swiftness                Air            3%         N/A       21%         3
 Teleport Other           Tloc           3%         N/A       21%         3
 Ozocubu's Refrigeration  Ice            5%         4d6       100%        7


Dungeon Overview and Level Annotations

Branches:
Dungeon (8/15)             Temple (1/1) D:7          Bailey (1/1)
   Lair: D:8-11

Altars:
Gozag
Hepliaklqana
Okawaru
Ru
Sif Muna
Trog
Uskayaw
Vehumet
Yredelemnul
Zin
The Shining One

Shops:
D:7 [


Innate Abilities, Weirdness & Mutations

You are very small and have problems with some larger weapons.
You are too small for most types of armour.
You have supernaturally acute eyesight. (SInv)
You cover ground extremely quickly. (Speed+++)


Message History

The stone burns the orc warrior.
The orc warrior is severely wounded.
An orc comes into view. It is wielding a +0 arbalest.
Fire: 216 stones
Press: ? - help, Q - select action, (/) - cycle Shift-Dir - straight line, f/p - orc warrior
Aim: an orc warrior, wielding a +0 arbalest, wearing a +0 scale mail and quivering bolts (severely wounded, 70% to hit)
You shoot a stone.
The stone closely misses the orc warrior.
The orc shouts!
The orc warrior shoots a bolt.
The bolt hits you!!
Fire: 215 stones
Press: ? - help, Q - select action, (/) - cycle Shift-Dir - straight line, f/p - orc warrior
Aim: an orc warrior, wielding a +0 arbalest, wearing a +0 scale mail and quivering bolts (severely wounded, 70% to hit)
You shoot a stone. The stone hits the orc warrior!
The stone burns the orc warrior.
You kill the orc warrior!
Your Slings skill increases to level 6!
Your Fire Magic skill increases to level 3!
An orc warrior comes into view. It is wielding a +0 arbalest.
Fire: 214 stones
Press: ? - help, Q - select action, (/) - cycle Shift-Dir - straight line, f - orc warrior
Aim: an orc warrior, wielding a +0 arbalest, wearing a +0 scale mail and quivering bolts (wandering, hasn't noticed you, 70% to hit)
You shoot a stone.
The stone barely misses the orc warrior.
Fire: 213 stones
Press: ? - help, Q - select action, (/) - cycle Shift-Dir - straight line, f/p - orc warrior
Aim: an orc warrior, wielding a +0 arbalest, wearing a +0 scale mail and quivering bolts (70% to hit)
You shoot a stone.
The stone barely misses the orc warrior.
The orc shoots a bolt.
The bolt hits you!
The orc warrior shoots a bolt.
The bolt hits you!
* * * LOW HITPOINT WARNING * * *
Fire: 212 stones
Press: ? - help, Q - select action, (/) - cycle Shift-Dir - straight line, f/p - orc warrior
Aim: an orc warrior, wielding a +0 arbalest, wearing a +0 scale mail and quivering bolts (70% to hit)
You shoot a stone. The stone misses the orc warrior.
The orc shoots a bolt.
The bolt barely misses you.
The orc warrior shoots a bolt.
The bolt hits you!!
You die...
Your body crumbles into a pile of gold.

.................
........................
........................
........................
........................
≈≈≈≈≈.................≈≈
≈#$#≈≈...............≈≈#
##$##≈...............≈##
.^..≈..........@....≈$o
##.∩#≈...............≈#o
#.#.≈......###......≈.#
≈≈≈≈≈....#### ####....≈≈
........## #.....
......# #.... ..... ....
... ...


You could see an orc warrior and an orc.

Vanquished Creatures
  The ghost of Icepheonix32 the Skirmisher, an amateur DsFi (D:4)
  Grinder (D:3)
  3 yaks (D:8)
  The ghost of dxb338 the Chopper, an amateur HOMo of Beogh (D:4)
  A steam dragon (D:7)
  An orc warrior (Bailey)
  4 sky beasts
  2 black bears
  A centaur (D:6)
  A necrophage (D:5)
  2 kobold brigands
  3 bullfrogs
  Blork the orc (D:4)
  A gnoll sergeant (D:6)
  5 scorpions
  A wyvern skeleton (D:5)
  3 howler monkeys
  2 centaur zombies
  3 hounds
  4 orc priests
  2 gnoll shamans
  3 jellies
  Crazy Yiuf (D:4)
  4 iguanas
  2 centaur skeletons
  An orc wizard (D:5)
  A killer bee zombie (D:7)
  A mummy (D:5)
  A howler monkey skeleton (D:7)
  12 gnolls
  9 adders
  An ufetubus (D:5)
  A worm (D:3)
  A dart slug (D:2)
  20 orcs
  8 endoplasms
  A giant cockroach (D:4)
  9 goblins
  4 hobgoblins
  3 jackals (D:2)
  2 quokkas (D:4)
  6 ball pythons
  2 bats
  8 frilled lizards
  A goblin zombie (D:5)
  A hobgoblin zombie (D:5)
  14 kobolds
  6 rats
166 creatures vanquished.

Vanquished Creatures (collateral kills)
  An adder (D:5)
1 creature vanquished.

Vanquished Creatures (others)
  20 plants
20 creatures vanquished.

Grand Total: 187 creatures vanquished

Notes
Turn   | Place    | Note
-------+----------+-------------------------------------------
     0 | D:1      | styxcanada the Spriggan Brigand began the quest for the
                  | Orb.
     0 | D:1      | Reached XP level 1. HP: 10/10 MP: 2/2
    73 | D:1      | Reached skill level 6 in Stealth
   822 | D:1      | Reached XP level 2. HP: 15/15 MP: 3/3
  1616 | D:2      | Reached XP level 3. HP: 18/18 MP: 4/4
  1635 | D:2      | Reached skill level 7 in Stealth
  1915 | D:2      | Found a faded altar of an unknown god.
  2094 | D:2      | Reached XP level 4. HP: 23/23 MP: 4/6
  2870 | D:3      | Reached skill level 1 in Spellcasting
  3144 | D:3      | Noticed Grinder
  3163 | D:3      | Killed Grinder
  3164 | D:3      | Reached skill level 8 in Stealth
  3164 | D:3      | Reached XP level 5. HP: 26/26 MP: 6/9
  3164 | D:3      | Reached XP level 6. HP: 30/30 MP: 6/10
  3865 | D:4      | Noticed Blork the orc
  3890 | D:4      | Killed Blork the orc
  4018 | D:4      | Identified the +0 cloak of Tikhleet {-Cast rPois rCorr
                  | Str+4}
  4310 | D:4      | Learned a level 1 spell: Foxfire
  4323 | D:4      | Found a runed translucent gate.
  4324 | D:4      | Found a runed translucent gate.
  4324 | D:4      | Found a runed translucent gate.
  4324 | D:4      | Noticed Icepheonix32's ghost (amateur DsFi)
  4324 | D:4      | Noticed dxb338's ghost (amateur HOMo)
  4350 | D:4      | Found a runed translucent door.
  4351 | D:4      | Noticed Crazy Yiuf
  4358 | D:4      | Killed Crazy Yiuf
  4393 | D:4      | Found a hide-covered altar of Uskayaw.
  4462 | D:4      | Reached skill level 9 in Stealth
  4832 | D:4      | Reached XP level 7. HP: 35/35 MP: 11/11
  4855 | D:4      | Identified 2 scrolls of acquirement
  4855 | D:4      | Acquired the +8 hunting sling of the Other Side {flame, Fly
                  | rPois}
  5087 | D:4      | Killed Icepheonix32's ghost
  5154 | D:4      | Killed dxb338's ghost
  5155 | D:4      | Reached skill level 1 in Slings
  5155 | D:4      | Reached skill level 5 in Dodging
  5155 | D:4      | Reached skill level 1 in Fire Magic
  5155 | D:4      | Reached skill level 1 in Ice Magic
  5312 | D:4      | Acquired the ring of Cuull {Wiz Will+ Dex+6}
  5340 | D:5      | Entered Level 5 of the Dungeon
  5345 | D:5      | Reached skill level 1 in Conjurations
  5456 | D:5      | Reached XP level 8. HP: 27/39 MP: 13/13
  5832 | D:5      | Found a sacrificial altar of Ru.
  6229 | D:5      | Reached skill level 10 in Stealth
  7541 | D:6      | Reached XP level 9. HP: 44/44 MP: 16/16
  7652 | D:6      | Learned a level 6 spell: Invisibility
  8267 | D:6      | Reached skill level 1 in Evocations
  8545 | D:7      | Reached skill level 1 in Hexes
  8813 | D:7      | Found a staircase to the Ecumenical Temple.
  8912 | Temple   | Entered the Ecumenical Temple
  8933 | Temple   | Became a worshipper of Gozag Ym Sagoz the Greedy
  8978 | D:7      | Found Radujikk's Armour Emporium.
  9771 | D:7      | Found a glowing silver altar of Zin.
  9780 | D:7      | Found a bloodstained altar of Trog.
  9856 | D:8      | Reached skill level 5 in Slings
  9910 | D:8      | Reached skill level 5 in Spellcasting
 10060 | D:8      | Reached XP level 10. HP: 38/49 MP: 17/19
 10166 | D:8      | Found a flagged portal.
 10195 | Bailey   | Entered a bailey
 10205 | Bailey   | Reached skill level 11 in Stealth
 10243 | Bailey   | Shot with a bolt by an orc warrior

Illustrated notes

Levels and vault maps discovered:
D:1:      elethiomel_arrival_maze, layout_basic
D:2:      layout_loops_cross, hellmonk_ecumenical_altar_lost_god,
          minmay_misc_feat_rugged, minmay_tetromino_t2
D:3:      layout_loops_corners, uniq_grinder
D:4:      wander_river, layout_basic, nicolae_uskayaw_murder_on_the_dancefloor,
          gammafunk_ghost_cemetery, uniq_blork_the_orc, uniq_crazy_yiuf_cottage
D:5:      layout_cave_pods, mainiacjoe_overflow_24_doors,
          nicolae_ossuary_entry_giza, guppyfry_early_lair_pool
D:6:      layout_cave_pods, glass_columns_a, hangedman_decor_peaks_small,
          lexackson_kobold_supper
D:7:      layout_loops_corners, mainiacjoe_overflow_swirl,
          minmay_temple_entry_sparse_star, serial_shops, nicolae_take_the_stairs
D:8:      layout_rooms, enter_bailey_3
Temple:   eino_temple_scatter_basement
Bailey:   bailey_polearm_2, bailey

Skill      XL: |  1  2  3  4  5  6  7  8  9 10 |
---------------+-------------------------------+-----
Stealth        | 6 7 8 9 10 11 | 11.0
Dodging        | 2 4 5 6 7 |  7.0
Spellcasting   | 2 3 4 5 |  5.3
Fighting       | 2 3 |  3.6
Short Blades   | 3 4 |  4.1
Throwing       | 3 4 |  4.1
Slings         | 1 3 5 6 |  6.0
Fire Magic     | 1 2 3 |  3.0
Ice Magic      | 1 2 |  2.9
Conjurations   | 1 2 |  2.7
Evocations     | 2 |  2.8
Hexes          | 2 |  2.3

Action                   |  1- 3 |  4- 6 |  7- 9 | 10-12 || total
-------------------------+-------+-------+-------+-------++-------
Melee: Dagger            |   109 |   130 |    73 |       ||   312
 Fire: Hunting sling     |       |       |   204 |    25 ||   229
Throw: Dart              |    12 |    31 |    47 |       ||    90
       Boomerang         |       |       |    11 |       ||    11
  Use: Scroll            |       |     7 |     7 |       ||    14
       Potion            |       |       |     1 |       ||     1
 Stab: Sleeping          |     5 |    13 |     2 |       ||    20
       Distracted        |       |       |     2 |       ||     2
Armor: Robe              |    14 |    10 |     6 |       ||    30
Dodge: Dodged            |    66 |    75 |   105 |     7 ||   253
